 Dungeon Crawl Stone Soup version 0.20.0-8-g6b59dc7 (webtiles) character file.

6813 JeffiDaFish the Basher (level 11, -2/67 HPs)
             Began as a Gargoyle Fighter on June 2, 2017.
             Was a High Priest of Okawaru.
             Engulfed by an ice statue's freezing vapour (21 damage)
             ... on level 8 of the Dungeon.
             The game lasted 00:17:59 (8110 turns).

JeffiDaFish the Basher (Gargoyle Fighter)           Turns: 8110, Time: 00:18:00

Health: -2/67      AC: 26    Str: 19    XL:     11   Next: 5%
Magic:  11/11      EV:  7    Int: 10    God:    Okawaru [*****.]
Gold:   468        SH: 12    Dex: 16    Spells: 10/10 levels left

rFire    . . .     SeeInvis .   a - +2 flail
rCold    . . .     Gourm    .   c - +0 shield
rNeg     + . .     Faith    .   d - +4 chain mail
rPois    ∞         Spirit   .   (no helmet)
rElec    +         Reflect  .   p - +1 cloak {+Inv}
rCorr    .         Harm     .   (no gloves)
MR       .....     Rnd*Rage +   e - +1 pair of boots
Stlth    ..........             (no amulet)
Regen    0.3/turn               k - +4 ring of dexterity
MPRegen  0.2/turn               (no ring)

@: no status effects
A: berserk 1, blink, negative energy resistance 1, screaming 1, electricity
resistance, unbreathing, petrification resistance, rot immunity, AC +7
a: Blink, Heroism, Finesse, Renounce Religion, Evoke Invisibility


You were on level 8 of the Dungeon.
You worshipped Okawaru.
Okawaru was extremely pleased with you.
You were not hungry.

You visited 2 branches of the dungeon, and saw 9 of its levels.

You collected 468 gold pieces.

Inventory:

Hand Weapons
 a - a +2 flail (weapon)
Armour
 c - a +0 shield (worn)
 d - a +4 chain mail (worn)
 e - a +1 pair of boots (worn)
 p - a +1 cloak of invisibility (worn)
Jewellery
 k - a +4 ring of dexterity (left hand)
Scrolls
 h - 4 scrolls of remove curse
 i - 9 scrolls of identify
 m - a scroll of teleportation
Potions
 g - 2 potions of heal wounds
 o - a potion of magic
Comestibles
 b - 2 meat rations
 f - 11 bread rations
 j - 4 royal jellies
 l - 3 fruits


   Skills:
 + Level 7.6 Fighting
 + Level 11.1 Maces & Flails
 + Level 7.8 Armour
 + Level 1.9 Dodging
 + Level 0.2 Stealth
 + Level 9.5 Shields


You had 10 spell levels left.
You didn't know any spells.

Dungeon Overview and Level Annotations

Branches:
Dungeon (8/15)             Temple (1/1) D:4
   Lair: D:8-11

Altars:
Ashenzari
Cheibriados
Dithmenos
Elyvilon
Fedhas
Gozag
Kikubaaqudgha
Makhleb
Nemelex Xobeh
Okawaru
Qazlal
Ru
Uskayaw
Xom
Yredelemnul
Zin
The Shining One

Annotations:
D:8 exclusion: ice statue


Innate Abilities, Weirdness & Mutations

You are resistant to torment.
Your stone body is resilient. (AC +7)
You are immune to poison.
You resist negative energy. (rN+)
You are resistant to electric shocks. (rElec)
You can survive without breathing.
You are immune to petrification.
You are immune to rotting.
You tend to lose your temper in combat.
You can translocate small distances at will.
You occasionally shout uncontrollably at your foes.


Message History

The ice statue is heavily damaged.
You are engulfed in freezing vapours.
You hit the ice statue but do no damage.
The ice statue is heavily damaged.
You are engulfed in freezing vapours.
You sock the ice statue!
The ice statue is severely damaged.
You are engulfed in freezing vapours.
The ice statue gestures at you. The shard of ice hits you!
You hit the ice statue.
The ice statue is severely damaged.
You are engulfed in freezing vapours.
* * * LOW HITPOINT WARNING * * *
The ice statue gestures at you. The freezing blast engulfs you!
You hit the ice statue but do no damage.
The ice statue is severely damaged.
You are engulfed in freezing vapours.
You die...

.#### ##.#..##...## #.... .#
##.....#.....#########.###
.#######......##.....#.....##.#
.......##......##..........##.###
#.####.###......##......#..##.##.
#.# #...........##.....#..##.##.
#.# #####........##.......##.##.
#.# ##...#.§§.§##..##.###.##. ..#
##...###§@8.)#..##.# #.... ###
##......##.§.##..##.# ####. ..#
##.......###$##......# #. #)##
#.........####....#########. #..#
#.......<.'.#............... #.##
#.........#.......######.### #..#
##.......#........# #># ####
##.....###...##### #.# #.#
##...## ##.## #.#


You could see an ice statue.

Vanquished Creatures
  2 two-headed ogres (D:8)
  The ghost of TheDarkStar the Severer, a novice DDGl of Makhleb (D:8)
  An orange crystal statue (D:8)
  Maurice (D:8)
  Joseph (D:8)
  A troll (D:8)
  A spriggan (D:8)
  Grum (D:8)
  An ice beast (D:8)
  3 orc warriors (D:6)
  3 sky beasts
  2 ogres
  A necrophage (D:8)
  The ghost of coolio the Cudgeler, an amateur DrGl (D:3)
  2 wolves (D:8)
  A phantom (D:8)
  A wyvern zombie (D:8)
  4 bullfrogs
  A wyvern skeleton (D:7)
  2 scorpions (D:5)
  A water moccasin skeleton (D:6)
  5 crimson imps
  A bullfrog zombie (D:6)
  A gnoll shaman (D:5)
  5 jellies
  A bullfrog skeleton (D:4)
  4 orc priests
  7 iguanas
  3 orc wizards
  8 worker ants
  A killer bee zombie (D:7)
  A hound zombie (D:8)
  A hound skeleton (D:8)
  14 adders
  2 oozes
  2 adder zombies
  3 worms (D:2)
  A dart slug (D:1)
  4 leopard geckos
  34 orcs
  A ball python (D:5)
  2 giant cockroaches (D:2)
  6 goblins
  8 hobgoblins
  20 jackals
  4 quokkas
  9 bats
  7 frilled lizards
  A giant cockroach zombie (D:5)
  9 kobolds
  A leopard gecko skeleton (D:5)
  3 quokka zombies
  9 rats
  A spectral orc (D:3)
211 creatures vanquished.

Vanquished Creatures (collateral kills)
  A troll (D:7)
1 creature vanquished.

Grand Total: 212 creatures vanquished

Notes
Turn   | Place    | Note
-------+----------+-------------------------------------------
     0 | D:1      | JeffiDaFish the Gargoyle Fighter began the quest for the Orb.
     0 | D:1      | Reached XP level 1. HP: 14/14 MP: 1/1
   387 | D:1      | Reached XP level 2. HP: 18/20 MP: 2/2
   703 | D:2      | Reached XP level 3. HP: 21/24 MP: 3/3
   839 | D:2      | Reached XP level 4. HP: 20/29 MP: 4/4
   866 | D:2      | Reached skill level 3 in Maces & Flails
  1453 | D:3      | Reached XP level 5. HP: 30/33 MP: 5/5
  1567 | D:3      | Found a basalt altar of Yredelemnul.
  1743 | D:3      | Found a stormy altar of Qazlal.
  1750 | D:3      | Noticed coolio's ghost (amateur DrGl)
  1775 | D:3      | Killed coolio's ghost
  1775 | D:3      | Reached skill level 4 in Maces & Flails
  1775 | D:3      | Reached XP level 6. HP: 28/38 MP: 6/6
  2260 | D:3      | Reached skill level 5 in Shields
  2332 | D:3      | Found a blossoming altar of Fedhas.
  2850 | D:4      | Reached XP level 7. HP: 44/44 MP: 7/7
  2864 | D:4      | Found a staircase to the Ecumenical Temple.
  2874 | Temple   | Entered the Ecumenical Temple
  2928 | Temple   | Became a worshipper of Warmaster Okawaru
  3006 | D:4      | Reached skill level 5 in Maces & Flails
  3257 | D:5      | Entered Level 5 of the Dungeon
  3271 | D:5      | Reached skill level 1 in Dodging
  3536 | D:5      | Reached skill level 5 in Fighting
  3810 | D:5      | Reached * piety under Okawaru
  3851 | D:5      | Reached XP level 8. HP: 47/49 MP: 8/8
  3969 | D:6      | Reached skill level 6 in Maces & Flails
  4088 | D:6      | Reached skill level 5 in Armour
  4664 | D:6      | Gained mutation: You occasionally shout uncontrollably at your foes. [potion of mutation]
  4664 | D:6      | Gained mutation: You tend to lose your temper in combat. [potion of mutation]
  4664 | D:6      | Gained mutation: You can translocate small distances at will. [potion of mutation]
  4721 | D:6      | Reached ** piety under Okawaru
  4867 | D:6      | Reached skill level 7 in Maces & Flails
  4953 | D:6      | Reached XP level 9. HP: 52/55 MP: 9/9
  5347 | D:7      | Noticed a troll
  5360 | D:7      | Killed a troll
  5360 | D:7      | Reached skill level 8 in Maces & Flails
  5942 | D:8      | Noticed Joseph
  5959 | D:8      | Killed Joseph
  5959 | D:8      | Reached *** piety under Okawaru
  6606 | D:8      | Noticed Maurice
  6637 | D:8      | Killed Maurice
  6637 | D:8      | Reached skill level 9 in Maces & Flails
  6650 | D:8      | Reached XP level 10. HP: 42/61 MP: 10/10
  6655 | D:8      | Found a shattered altar of Ashenzari.
  6763 | D:8      | Noticed a two-headed ogre
  6763 | D:8      | Noticed an ice statue
  6780 | D:8      | Killed a two-headed ogre
  6780 | D:8      | Reached **** piety under Okawaru
  6913 | D:8      | Reached skill level 10 in Maces & Flails
  6975 | D:8      | Noticed Grum
  6993 | D:8      | Killed Grum
  7181 | D:8      | Found an ancient bone altar of Kikubaaqudgha.
  7255 | D:8      | Noticed TheDarkStar's ghost (novice DDGl)
  7286 | D:8      | Killed TheDarkStar's ghost
  7286 | D:8      | Reached ***** piety under Okawaru
  7468 | D:8      | Noticed an orange crystal statue
  7529 | D:8      | Killed an orange crystal statue
  7681 | D:8      | Noticed a two-headed ogre
  7704 | D:8      | Killed a two-headed ogre
  7704 | D:8      | Reached skill level 11 in Maces & Flails
  7704 | D:8      | Reached XP level 11. HP: 32/67 MP: 11/11
  8110 | D:8      | Engulfed by an ice statue's freezing vapour

Skill      XL: |  1  2  3  4  5  6  7  8  9 10 |
---------------+-------------------------------+-----
Shields        | 4 5 7 8 9 |  9.5
Maces & Flails | 3 4 5 7 9 11 | 11.1
Fighting       | 4 5 6 7 |  7.6
Armour         | 4 6 7 |  7.8
Dodging        | 1 |  1.9
Stealth        | |  0.2

Action                   |  1- 3 |  4- 6 |  7- 9 | 10-12 || total
-------------------------+-------+-------+-------+-------++-------
Melee: Flail             |    73 |   334 |   487 |   174 ||  1068
  Use: Scroll            |     6 |     2 |     9 |       ||    17
       Potion            |     1 |     3 |     5 |     1 ||    10
  Eat: Chunk             |       |     7 |    13 |     3 ||    23
       Royal jelly       |       |       |       |     1 ||     1
Armor: Scale mail        |    57 |    37 |       |       ||    94
       Plate armour      |       |   244 |   246 |       ||   490
       Chain mail        |       |       |    16 |    88 ||   104
Dodge: Dodged            |    34 |    68 |    63 |    42 ||   207
Block: Shield            |    49 |   189 |   234 |    94 ||   566
